 Dungeon Crawl Stone Soup version 0.31-a0-188-g5e087ee2ca (webtiles) character file.

Game seed: 7869463307698282034

44 qw the Shooter (level 3, -3/20 HPs)
             Began as a Deep Elf Hunter on June 23, 2023.
             Slain by Natasha (7 damage)
             ... on level 2 of the Dungeon.
             The game lasted 00:00:19 (735 turns).

qw the Shooter (Deep Elf Hunter)                     Turns: 735, Time: 00:00:20

Health: -3/20      AC:  5    Str: 10    XL:     3   Next: 39%
Magic:  5/5        EV: 11    Int: 13    God:
Gold:   80         SH:  0    Dex: 18    Spells: 2/2 levels left

rFire   . . .        Y - +3 shortbow
rCold   . . .        (shield currently unavailable)
rNeg    . . .        d - +0 ring mail
rPois   .            (no helmet)
rElec   .            (no cloak)
rCorr   .            (no gloves)
SInv    .            (no boots)
Will    .....        (no amulet)
Stlth   +            (no ring)
HPRegen 0.23/turn    (no ring)
MPRegen 0.09/turn

%: no passive effects
@: no status effects
A: no striking features
a: no special abilities


You were on level 2 of the Dungeon.
You visited 1 branch of the dungeon, and saw 2 of its levels.

You collected 80 gold pieces.


   Skills:
 - Level 1.5 Fighting
 + Level 7.0 Ranged Weapons
 - Level 2.4 Dodging
 - Level 1.2 Stealth


You had 2 spell levels left.
You didn't know any spells.
Your spell library was empty.

Inventory:

Hand Weapons
 Y - a +3 shortbow (weapon)
Armour
 d - a +0 ring mail (worn)
Scrolls
 a - a scroll of noise {unknown}
Potions
 h - a potion of curing {unknown}

Dungeon Overview and Level Annotations

Branches:
Dungeon (2/15)

Altars:

Annotations:
D:2 Natasha


Message History

The adder is moderately wounded.
You shoot an arrow. The arrow misses the adder.
You shoot an arrow. The arrow hits the adder.
The adder is heavily wounded.
You shoot an arrow. The arrow hits the adder.
The adder is severely wounded.
You shoot an arrow. The arrow closely misses the adder.
The adder bites you but does no damage. The adder closely misses you.
You shoot an arrow. The arrow barely misses the adder.
The adder bites you.
You shoot an arrow. The arrow hits the adder.
You kill the adder!
Your Ranged Weapons skill increases to level 7!
You start resting.
HP restored.
Natasha, Servant of Life and Death comes into view.
Natasha hisses angrily.
Enter note: You shoot an arrow.
The arrow hits Natasha.
Natasha is moderately wounded.
Natasha mumbles some strange words.
You shoot an arrow.
The arrow hits Natasha but does no damage.
Natasha is moderately wounded.
You shoot an arrow. The arrow completely misses Natasha.
Natasha misses you.
The cerulean imp hits you from afar with a +0 spear.
You shoot an arrow. The arrow closely misses Natasha.
Natasha claws you.
The cerulean imp hits you from afar with a +0 spear.
You shoot an arrow. The arrow barely misses Natasha.
Natasha barely misses you. The cerulean imp barely misses you.
You shoot an arrow. The arrow hits Natasha.
Natasha is moderately wounded.
Natasha claws you.
The cerulean imp hits you but does no damage.
You shoot an arrow. The arrow hits Natasha.
Natasha is heavily wounded.
Natasha claws you!
You die...

#######.#.......##.##.#.
###.................
#...........##.##.#.
#.#..>......# ##)..
#...........# #..#
#.#...#.....#####..#
#.#....%..#.........
#...............##.#
#.#@#.#..#......##.#
#.h..........)...#.#
#.#5#.####..#.####.#
....................#
... .....#..#....###.#
#...##..#..#..#.#..# #.#
#... #.... #..#.#... ##+
####.......####. .. ...
.


You could see Natasha and a cerulean imp (summoned).

Vanquished Creatures
  An adder (D:2)
  A dart slug (D:2)
  3 ball pythons (D:1)
  2 endoplasms (D:1)
  A giant cockroach (D:1)
  5 goblins
  A hobgoblin (D:1)
  4 jackals (D:1)
  4 kobolds
  A quokka (D:1)
  2 bats (D:1)
  3 frilled lizards (D:1)
  2 rats
30 creatures vanquished.

Notes
Turn   | Place    | Note
-------+----------+-------------------------------------------
     0 | D:1      | qw the Deep Elf Hunter began the quest for the Orb.
     0 | D:1      | Reached XP level 1. HP: 12/12 MP: 3/3
     0 | D:1      | 0 ||| qw: Version: 0.3-a-9-g12657ce
     0 | D:1      | 0 ||| qw: Game counter: 4143
     0 | D:1      | 0 ||| qw: Always use a shield: true
     0 | D:1      | 0 ||| qw: God list: Okawaru
     0 | D:1      | 0 ||| qw: Allow faded altars: false
     0 | D:1      | 0 ||| qw: Do Orc after D:15 true
     0 | D:1      | 0 ||| qw: Do second Lair branch before Depths: true
     0 | D:1      | 0 ||| qw: Lair rune preference: random
     0 | D:1      | 0 ||| qw: Plans: Normal
     0 | D:1      | 0 ||| PLANNING D:1-11
   101 | D:1      | Reached skill level 6 in Ranged Weapons
   101 | D:1      | Reached XP level 2. HP: 16/16 MP: 4/4
   495 | D:1      | Reached XP level 3. HP: 20/20 MP: 5/5
   638 | D:1      | 638 ||| UPGRADING to +0 ring mail.
   648 | D:1      | 648 ||| DROPPING +0 leather armour.
   649 | D:1      | 649 ||| DROPPING scarf of harm.
   650 | D:1      | 650 ||| DROPPING ring of magical power.
   651 | D:1      | 651 ||| READING scroll labelled BYUHEO APPOA.
   652 | D:1      | 652 ||| READING 3 scrolls labelled UDUAKY KIXEGUGATUE.
   653 | D:1      | 653 ||| READING 2 scrolls of enchant weapon.
   653 | D:1      | 653 ||| ENCHANTING +1 shortbow.
   654 | D:1      | 654 ||| READING scroll of enchant weapon.
   654 | D:1      | 654 ||| ENCHANTING +2 shortbow.
   655 | D:1      | 655 ||| DROPPING scroll of butterflies.
   724 | D:2      | Reached skill level 7 in Ranged Weapons
   728 | D:2      | Noticed Natasha
   734 | D:2      | HP: 4/20 [Natasha (6)]
   735 | D:2      | Slain by Natasha

Levels and vault maps discovered:
D:1:      spicycebolla_green_bress_n_ham, layout_basic
D:2:      layout_basic, uniq_natasha

Skill      XL: |  1  2  3 |
---------------+----------+-----
Ranged Weapons | 6 7 |  7.0
Fighting       | |  1.5
Dodging        | |  2.4
Stealth        | |  1.2

Action                     || total
---------------------------++-------
   Fire: Shortbow          ||    77
    Use: Scroll            ||     4
 Armour: Leather armour    ||     2
         Ring mail         ||     2
  Dodge: Dodged            ||    12

Table legend:
 A = Non-vault XP
 B = Vault XP
 C = Vault XP percentage of total XP
 D = Non-vault monster count
 E = Vault monster count
 F = Vault count percentage of total count
                 A         B        C        D         E       F
            +---------+---------+-------+---------+---------+-------
      Total |      63 |       0 |   0.0 |      30 |       0 |   0.0
            +---------+---------+-------+---------+---------+-------
        D:1 |      41 |       0 |   0.0 |      25 |       0 |   0.0
        D:2 |      22 |       0 |   0.0 |       5 |       0 |   0.0
            +---------+---------+-------+---------+---------+-------
